 Dungeon Crawl Stone Soup version 0.19.1 (webtiles) character file.

133 Dfrag the Firebug (level 4, -8/30 HPs)
             Began as a Demonspawn Fire Elementalist on Nov 29, 2016.
             Killed by miscasting Sticky Flame (18 damage)
             ... in an ossuary.
             The game lasted 00:04:39 (2307 turns).

Dfrag the Firebug (Demonspawn Fire Elementalist)    Turns: 2307, Time: 00:04:40

Health: -8/30      AC:  6    Str:  8    XL:     4   Next: 94%
Magic:  3/8        EV: 12    Int: 18    God:
Gold:   135        SH:  0    Dex: 13    Spells: 2 memorised, 4 levels left

rFire  . . .     SeeInvis .     h - +2 whip (freeze)
rCold  . . .     Gourm    .     a - +0 robe
rNeg   . . .     Faith    .     (no shield)
rPois  .         Spirit   .     (no helmet)
rElec  .         Reflect  .     (no cloak)
rCorr  .         Harm     .     (no gloves)
MR     +....                    q - +1 pair of boots
Stlth  +++.......               (no amulet)
                                (no ring)
                                y - ring of protection from magic

@: very slightly contaminated
A: iridescent scales 1, nightstalker 1
a: no special abilities


You were in an ossuary.
You were hungry.

You visited 2 branches of the dungeon, and saw 5 of its levels.
You also visited: Ossuary.

You collected 135 gold pieces.

Inventory:

Hand Weapons
 h - a +2 whip of freezing (weapon)
Armour
 a - a +0 robe (worn)
 q - a +1 pair of boots (worn)
Jewellery
 y - a ring of protection from magic (left hand)
Wands
 t - a wand of confusion (23/48)
Scrolls
 f - 2 scrolls of amnesia {unknown}
 o - a scroll of fear {unknown}
 p - 2 scrolls of immolation {unknown}
 u - 3 scrolls of teleportation {unknown}
 x - 2 scrolls of remove curse {unknown}
 A - a scroll of identify {unknown}
 B - a scroll of random uselessness {unknown}
Potions
 d - a potion of heal wounds {unknown}
 e - a potion of cure mutation {unknown}
 g - 3 potions of curing {unknown}
 i - a potion of invisibility {unknown}
 j - a potion of degeneration {unknown}
 k - a potion of magic {unknown}
 l - a potion of ambrosia {unknown}
 m - a potion of mutation {unknown}
 s - 2 potions of agility {unknown}
 w - a potion of might {unknown}
Books
 b - a book of Flames

   Spells                             Type                      Level
   a - Flame Tongue                   Conjuration/Fire             1
   b - Throw Flame                    Conjuration/Fire             2
   c - Conjure Flame                  Conjuration/Fire             3
   d - Inner Flame                    Hexes/Fire                   3
   e - Sticky Flame                   Conjuration/Fire             4
   f - Fireball                       Conjuration/Fire             5
Comestibles
 c - 2 bread rations
 n - a slice of pizza
 r - 3 fruits
 v - a meat ration
 z - a beef jerky


   Skills:
 - Level 1.7 Dodging
 - Level 1.7 Stealth
 + Level 3.3 Spellcasting
 + Level 2.4 Conjurations
 + Level 3.7 Fire Magic


You had 4 spell levels left.
You knew the following spells:

 Your Spells              Type           Power        Failure   Level  Hunger
a - Flame Tongue          Conj/Fire      ##...        6%          1    None
d - Sticky Flame          Conj/Fire      ##......     54%         4    ####...


Dungeon Overview and Level Annotations

Branches:
Dungeon (4/15)             Temple (1/1) D:4

Altars:
Ashenzari
Elyvilon
Fedhas
Hepliaklqana
Kikubaaqudgha
Okawaru
Trog
Uskayaw
Vehumet
Xom
Yredelemnul
The Shining One

Annotations:
D:3 Firecrotchwizard's ghost, amateur DEFE


Innate Abilities, Weirdness & Mutations

You are partially covered in iridescent scales. (AC +2)
You are slightly more attuned to the shadows.


Message History

The centaur zombie barely misses you.
You hit the centaur zombie.
The centaur zombie is lightly damaged.
The centaur zombie hits you!
Casting: Flame Tongue
Confirm with . or Enter, or press ? or * to list all spells.
The spell is very dangerous to cast!
Continue anyway?
Okay, then.
Unknown command.
Casting: Sticky Flame
Confirm with . or Enter, or press ? or * to list all spells.
The spell is very dangerous to cast!
Continue anyway?
Aiming: Sticky Flame
Press: ? - help, Shift-Dir - straight line, f - centaur zombie, p - quokka zombie
Aim: a centaur zombie (lightly damaged)
You miscast Sticky Flame.
You are very lightly contaminated with residual magic.
Energy rips through your body!
Ouch! That really hurt!
You die...

..# ##..#
####...#
####......#
..........#
.Z........#
#####......#
#...####...#
#..ZZ@.##..#
#.####..'..# ...
#.##..# #Z...
####...#
.########......#
...............#
...∩..∩........#
################


You could see a quokka zombie and a centaur zombie.

Vanquished Creatures
  A centaur zombie (Ossuary)
  A howler monkey skeleton (D:4)
  3 adders
  An adder zombie (Ossuary)
  A worm (D:2)
  3 dart slugs
  4 leopard geckos
  7 bats
  A giant cockroach (D:1)
  4 goblins
  5 hobgoblins
  2 kobolds
  3 quokkas
  5 frilled lizards
  2 goblin zombies (Ossuary)
  A hobgoblin zombie (Ossuary)
  A kobold zombie (Ossuary)
  4 quokka zombies (Ossuary)
  6 rats
55 creatures vanquished.

Notes
Turn   | Place    | Note
-------+----------+-------------------------------------------
     0 | D:1      | Dfrag the Demonspawn Fire Elementalist began the quest for the Orb.
     0 | D:1      | Reached XP level 1. HP: 13/13 MP: 3/3
   161 | D:1      | Gained mutation: You are partially covered in iridescent scales. (AC +2) [demonic ancestry]
   161 | D:1      | Reached XP level 2. HP: 9/19 MP: 1/5
   744 | D:2      | Gained mutation: You are slightly more attuned to the shadows. [demonic ancestry]
   744 | D:2      | Reached XP level 3. HP: 22/24 MP: 6/6
  1436 | D:3      | Noticed Firecrotchwizard's ghost (amateur DEFE)
  1750 | D:4      | Reached XP level 4. HP: 18/30 MP: 4/8
  1762 | D:4      | Found a staircase to the Ecumenical Temple.
  1771 | Temple   | Entered the Ecumenical Temple
  2113 | D:4      | Found a sand-covered staircase.
  2135 | Ossuary  | Entered an ossuary
  2211 | Ossuary  | Learned a level 4 spell: Sticky Flame
  2307 | Ossuary  | Killed by miscasting Sticky Flame

Skill      XL: |  1  2  3  4 |
---------------+-------------+-----
Fire Magic     | 3 |  3.7
Conjurations   | 2 |  2.4
Spellcasting   | 3 |  3.3
Dodging        | |  1.7
Stealth        | |  1.7

Action                   |  1- 3 |  4- 6 || total
-------------------------+-------+-------++-------
Melee: Unarmed           |    10 |       ||    10
       Whip              |    63 |    31 ||    94
 Cast: Flame Tongue      |    34 |    21 ||    55
 Stab: Sleeping          |     9 |     1 ||    10
  Eat: Chunk             |     2 |     2 ||     4
Armor: Robe              |    22 |    10 ||    32
Dodge: Dodged            |    54 |    25 ||    79
